 Dungeon Crawl Stone Soup version 0.24-a0-696-gd18775d (webtiles) character file.

Game seed: 594240088996353892, levelgen mode: deterministic

716 Charmandara the Frost Mage (level 7, 0/46 HPs)
             Began as a Barachi Ice Elementalist on Sept 28, 2019.
             Killed by divine providence
             ... invoked by an orc priest
              (12 damage)
             ... on level 5 of the Dungeon.
             The game lasted 00:08:51 (4946 turns).

Charmandara the Frost Mage (BaIE)                   Turns: 4946, Time: 00:08:52

Health: 0/46       AC:  4    Str:  9    XL:     7   Next: 69%
Magic:  14/14      EV: 12    Int: 18    God:
Gold:   248        SH:  0    Dex: 12    Spells: 2/16 levels left

rFire    . . .     SeeInvis .   v - -3 hand axe (curse)
rCold    . . .     Gourm    .   (no shield)
rNeg     . . .     Faith    .   a - +0 robe
rPois    .         Spirit   .   i - +1 helmet
rElec    .         Reflect  .   (no cloak)
rCorr    +         Harm     .   (no gloves)
MR       .....                  (no boots)
Stlth    ++........             (no amulet)
HPRegen  0.15/turn              p - ring of resist corrosion
MPRegen  0.14/turn              (no ring)

@: about to teleport, slow
A: +LOS, swims, slowness 1, strong legs 1
a: Hop


You were on level 5 of the Dungeon.
You were not hungry.

You visited 1 branch of the dungeon, and saw 5 of its levels.

You collected 248 gold pieces.

Inventory:

Hand Weapons
 d - a +0 short sword
   (You found it on level 1 of the Dungeon)
 l - a +2 dagger of pain
   (You took it off a goblin on level 1 of the Dungeon)
 n - a +1 whip of flaming
   (You took it off a gnoll on level 3 of the Dungeon)
 r - a +0 long sword
   (You found it on level 3 of the Dungeon)
 v - a cursed -3 hand axe (weapon)
   (You found it on level 4 of the Dungeon)
Armour
 a - a +0 robe (worn)
 i - a +1 helmet (worn)
   (You took it off Robin on level 2 of the Dungeon)
 t - a +0 shield
   (You found it on level 4 of the Dungeon)
Jewellery
 p - a ring of resist corrosion (left hand)
   (You found it on level 4 of the Dungeon)
Scrolls
 b - a scroll of noise {!r}
 e - a scroll of identify
 f - a scroll of enchant armour
Potions
 g - 2 potions of degeneration {!q}
 j - 2 potions of heal wounds
 k - 4 potions of curing
 m - a potion of flight
 q - 2 potions of lignification {!q}
Comestibles
 c - 8 rations


   Skills:
 - Level 2.1 Dodging
 - Level 1.7 Stealth
 - Level 5.0 Spellcasting
 - Level 1.1 Conjurations
 + Level 9.0 Ice Magic


You had 2 spell levels left.
You knew the following spells:

 Your Spells              Type           Power        Failure   Level  Hunger
a - Freeze                Ice            ####         1%          1    None
b - Throw Icicle          Conj/Ice       ###.....     17%         4    ####...
c - Summon Ice Beast      Ice/Summ       ###.....     21%         4    ####...
x - Throw Frost           Conj/Ice       ###...       2%          2    #......
A - Ozocubu's Armour      Chrm/Ice       ###.....     6%          3    ##.....

Your spell library contained the following spells:

 Spells                   Type           Power        Failure   Level  Hunger


Dungeon Overview and Level Annotations

Branches:
Dungeon (5/15)
 Temple: D:4-7

Altars:

Shops:
D:5 :


Innate Abilities, Weirdness & Mutations

Shadows flee at your approach. (+LOS)
You can swim through water.
You cover ground slowly.
You can hop short distances.


Message History

Health restored: 46; MP restored: 14 Done exploring.
Done exploring.
(D) Dungeon
Where to? (Enter - D:4, ? - help)
You see here a leather armour.
There is a stone staircase leading up here.
There is a stone staircase leading down here.
You climb downwards.
An adder comes into view.
There is a stone staircase leading up here.
Unknown command.
Aim: an adder (resting)
You freeze the adder!
The adder hisses angrily.
The adder barely misses you. The adder bites you.
You take 1 damage, and have 45/46 hp.
You now have 13/14 mp.
Unknown command.
Aim: an adder (severely wounded)
You freeze the adder!
You kill the adder!
You now have 12/14 mp.
Unknown command.
There is a stone staircase leading up here.
Found a runed mace.
Health restored: 46 Eating a chunk of flesh {@w0}.
You eat the chunk of flesh {@w0}.
You open the door.
Found Buwouk's Book Shop.
MP restored: 14
There is an open door here.
There is an entrance to Buwouk's Book Shop here.
You open the door.
There is an open door here.
You open the door.
An ogre comes into view. It is wielding a +0 giant club.
There is an open door here.
An ogre is nearby!
The ogre shouts!
Aim: an ogre, wielding a +0 giant club The puff of frost hits the ogre!
You now have 12/14 mp.
Unknown command.
Aim: an ogre, wielding a +0 giant club (moderately wounded)
You freeze the ogre.
The ogre hits you with a +0 giant club!!
Ouch! That really hurt!
You take 26 damage, and have 20/46 hp.
MASSIVE DAMAGE!!
You now have 11/14 mp.
Unknown command.
Aim: an ogre, wielding a +0 giant club (heavily wounded)
You freeze the ogre. The ogre completely misses you.
You now have 10/14 mp.
Unknown command.
Aim: an ogre, wielding a +0 giant club (severely wounded)
You freeze the ogre!
You now have 9/14 mp.
Unknown command.
Aim: an ogre, wielding a +0 giant club (almost dead)
You freeze the ogre.
You kill the ogre!
Your Ice Magic skill increases to level 9!
You now have 8/14 mp.
Unknown command.
You see here a +0 giant club.
You start resting.
A hound comes into view.
You regained 4 hp, and now have 25/46 hp.
You regained 3 mp, and now have 12/14 mp.
A hound is nearby!
You can't see any susceptible monsters within range! (Use Z to cast anyway.) Unknown command.
Okay, then.
A howler monkey zombie comes into view.
There are monsters nearby!
There are monsters nearby! 4 orcs and an orc priest come into view.
An orc is wielding a +0 dagger of electrocution.
The orc priest shouts!
The orc shouts! x4
Found a stone staircase leading down.
You hear a shout!
The orc hits you but does no damage.
An ogre comes into view. It is wielding a +0 giant spiked club.
MP restored: 14 The orc priest invokes the aid of Beogh against you.
Beogh smites you!
You take 11 damage, and have 15/46 hp.
MASSIVE DAMAGE!!
As you read the scroll of teleportation, it crumbles to dust.
You feel strangely unstable.
The hound barks!
The orc priest begins to cast a cantrip, but forgets the words!
The orc closely misses you. The orc hits you with a +0 hand axe.
* * * LOW HITPOINT WARNING * * *
You take 3 damage, and have 12/46 hp.
Unknown command.
The orc priest invokes the aid of Beogh against you.
Beogh smites you!
You die... #.#.#......( ..... .#.###.#.... ..... #..##....## #...# ##....#..# #o.O# ###.#...# #.o.# .##.##.## #.Z.# #.#.#.## #ooo#

##.....########.###
##..#+##....h..@.#
###..'∩'..##.#..#.#
....##'#..........#
#####..#......###.#
#..#..)...# .#
#..##.....# .#
#......#.......
###.#######.### #.
.#


You could see a hound, an orc priest, 3 orcs and a howler monkey zombie.

Vanquished Creatures
  3 ogres
  A scorpion (D:4)
  2 orc priests (D:3)
  A hound (D:4)
  An iguana (D:4)
  2 worker ants (D:4)
  A hound skeleton (D:4)
  Robin (D:2)
  6 gnolls (D:3)
  9 adders
  An adder skeleton (D:4)
  3 worms
  3 leopard geckos
  4 orcs
  2 ball pythons
  4 giant cockroaches
  7 hobgoblins
  4 jackals (D:3)
  2 quokkas
  7 bats
  7 frilled lizards
  15 goblins
  6 kobolds
  7 rats
99 creatures vanquished.

Vanquished Creatures (others)
  A plant (D:4)
1 creature vanquished.

Grand Total: 100 creatures vanquished

Notes
Turn   | Place    | Note
-------+----------+-------------------------------------------
     0 | D:1      | Charmandara the Barachi Ice Elementalist began the quest
                  | for the Orb.
     0 | D:1      | Reached XP level 1. HP: 13/13 MP: 3/3
   134 | D:1      | Reached skill level 4 in Ice Magic
   343 | D:1      | Reached XP level 2. HP: 14/19 MP: 3/5
   459 | D:1      | Learned a level 2 spell: Throw Frost
   774 | D:2      | Reached XP level 3. HP: 24/24 MP: 1/6
   788 | D:2      | Reached skill level 5 in Ice Magic
   900 | D:2      | Noticed Robin
  1846 | D:2      | Killed Robin
  1846 | D:2      | Reached XP level 4. HP: 22/30 MP: 1/7
  1852 | D:2      | HP: 7/30 [hobgoblin/+0 club (3)]
  1858 | D:2      | HP: 5/30 [hobgoblin/+0 club (3)]
  1867 | D:1      | Reached skill level 6 in Ice Magic
  2116 | D:1      | Learned a level 3 spell: Ozocubu's Armour
  2686 | D:3      | Reached XP level 5. HP: 35/35 MP: 1/9
  3142 | D:3      | Reached skill level 3 in Spellcasting
  3529 | D:3      | Reached XP level 6. HP: 19/41 MP: 2/11
  3534 | D:3      | Reached skill level 7 in Ice Magic
  3730 | D:3      | Learned a level 4 spell: Throw Icicle
  4058 | D:4      | Reached skill level 4 in Spellcasting
  4170 | D:4      | Reached XP level 7. HP: 32/46 MP: 9/13
  4316 | D:4      | Reached skill level 8 in Ice Magic
  4361 | D:4      | Learned a level 4 spell: Summon Ice Beast
  4434 | D:4      | Reached skill level 5 in Spellcasting
  4865 | D:5      | Entered Level 5 of the Dungeon
  4894 | D:5      | Found Buwouk's Book Shop.
  4907 | D:5      | Reached skill level 9 in Ice Magic
  4946 | D:5      | Killed from afar by an orc priest

Levels and vault maps discovered:
D:1:      dpeg_arrival_shelter, layout_loops_ring
D:2:      layout_rooms, first_ration, uniq_robin
D:3:      layout_loops_corners
D:4:      layout_loops_ring, serial_bayou_lagoon_a
D:5:      cheibrodos_quashed, layout_loops_cross, cheibrodos_ashenzari_chains,
          serial_shops, nicolae_shop_behind_doors

Skill      XL: |  1  2  3  4  5  6  7 |
---------------+----------------------+-----
Ice Magic      | 4 5 6 7 9 |  9.0
Spellcasting   | 3 4 5 |  5.0
Dodging        | |  2.1
Stealth        | |  1.7
Conjurations   | |  1.1

Action                   |  1- 3 |  4- 6 |  7- 9 || total
-------------------------+-------+-------+-------++-------
Melee: Short sword       |    25 |    49 |     1 ||    75
       Hand axe          |       |       |    26 ||    26
 Cast: Freeze            |    40 |    81 |    33 ||   154
       Throw Frost       |    10 |     4 |     5 ||    19
 Abil: Hop               |       |     1 |     1 ||     2
  Use: Scroll            |     3 |     3 |     7 ||    13
 Stab: Sleeping          |     2 |     1 |     1 ||     4
  Eat: Chunk             |     5 |     8 |     3 ||    16
Armor: Robe              |    15 |    11 |     5 ||    31
Dodge: Dodged            |    68 |    71 |    37 ||   176

Table legend:
 A = Non-vault XP
 B = Vault XP
 C = Vault XP percentage of total XP
 D = Non-vault monster count
 E = Vault monster count
 F = Vault count percentage of total count
                 A         B        C        D         E       F
            +---------+---------+-------+---------+---------+-------
      Total |     986 |      37 |   3.6 |      87 |      12 |  12.1
            +---------+---------+-------+---------+---------+-------
        D:1 |      28 |      14 |  33.3 |      21 |       7 |  25.0
        D:2 |      57 |      23 |  28.8 |      18 |       5 |  21.7
        D:3 |     242 |       0 |   0.0 |      27 |       0 |   0.0
        D:4 |     528 |       0 |   0.0 |      19 |       0 |   0.0
        D:5 |     131 |       0 |   0.0 |       2 |       0 |   0.0
            +---------+---------+-------+---------+---------+-------

Levels and vault maps discovered:
D:1:      dpeg_arrival_shelter, layout_loops_ring
D:2:      layout_rooms, first_ration, uniq_robin
D:3:      layout_loops_corners
D:4:      layout_loops_ring, serial_bayou_lagoon_a
D:5:      cheibrodos_quashed, layout_loops_cross, cheibrodos_ashenzari_chains,
          serial_shops, nicolae_shop_behind_doors

Table legend:
 A = Turns spent in this place as a percentage of turns spent in the entire game.
 B = Non-inter-level travel turns spent in this place as a percentage of non-inter-level travel turns spent in the entire game.
 C = Inter-level travel turns spent in this place as a percentage of turns spent in this place.
 D = Turns resting spent in this place as a percentage of non-inter-level travel turns spent in this place.
 E = Turns spent auto-exploring this place as a percentage of non-inter-level travel turns spent in this place.
 F = Non-inter-level travel turns spent in this place divided by the number of levels of this place that you've seen.
                   A       B       C       D       E      F
               +-------+-------+-------+-------+-------+----------------------
         Total | 100.0 | 100.0 |   3.0 |  45.0 |  33.8 | 959.4
       Dungeon | 100.0 | 100.0 |   3.0 |  45.0 |  33.8 | 959.4
               +-------+-------+-------+-------+-------+----------------------

Table legend:
 A = Kills in this place as a percentage of kills in entire the game.
 B = Kills by you in this place as a percentage of kills by you in the entire game.
 C = Kills by friends in this place as a percentage of kills by friends in the entire game.
 D = Other kills in this place as a percentage of other kills in the entire game.
 E = Experience gained in this place as a percentage of experience gained in the entire game.
 F = Experience gained in this place divided by the number of levels of this place that you have seen.
                   A       B       C       D       E      F
               +-------+-------+-------+-------+-------+----------------------
         Total | 100.0 | 100.0 |   N/A |   N/A | 100.0 | 204.6
       Dungeon | 100.0 | 100.0 |   N/A |   N/A | 100.0 | 204.6
               +-------+-------+-------+-------+-------+----------------------
